 Dungeon Sprint DCSS version 0.30-a0-1160-g6e42c06551 (webtiles) character file.

Game seed: 4365604041665591944

712 FlurksSlurper the Covert (level 7, -1/59 HPs)
             Began as a Demonspawn Brigand on Apr 26, 2023.
             Was an Initiate of Gozag.
             Slain by a fire elemental (12 damage)
             ... in the Dungeon (Sprint V: "Ziggurat Sprint").
             The game lasted 00:02:09 (235 turns).

FlurksSlurper the Covert (Demonspawn Brigand)        Turns: 235, Time: 00:02:10

Health: -1/59      AC:  3    Str: 11    XL:     7   Next: 41%
Magic:  7/7        EV: 13    Int: 12    God:    Gozag
Gold:   1125       SH:  0    Dex: 29    Spells: 6/6 levels left

rFire   . . .        a - +27 heavy crossbow "Sniper" {heavy, Acc+∞ SInv}
rCold   . . .        (shield currently unavailable)
rNeg    . . .        b - +0 robe
rPois   .            (no helmet)
rElec   .            x - +0 cloak {Stlth+}
rCorr   .            (no gloves)
SInv    +            (no boots)
Will    .....        (no amulet)
Stlth   +++++++      y - +6 ring of dexterity
HPRegen 0.29/turn    z - +6 ring of dexterity
MPRegen 0.20/turn

%: no teleportation
@: gold aura, hasted, very quick
A: demonic guardian 2, magic regeneration
a: Renounce Religion, Potion Petition, Call Merchant, Bribe Branch


You were in the Dungeon.
You worshipped Gozag.
Gozag was most pleased with you.
You visited 1 branch You collected 1125 gold pieces.

Inventory:

Hand Weapons
 a - the +27 heavy crossbow "Sniper" (weapon) {heavy, Acc+∞ SInv}
   (You found it in the Dungeon)

   Acc+∞: It never misses its target.
   SInv:      It lets you see invisible.
 E - the +16 obsidian axe {drain, demonic, Mesm Drain Fly SInv}
   (You found it in the Dungeon)

   Mesm:      Its wielder is mesmerised by any visible foes, and it cannot be
   unequipped while any foes are visible.
   SInv:      It lets you see invisible.
   Fly:       It grants you flight.
   Drain:     It drains your maximum health when unequipped.
 H - the +6 shillelagh "Devastator" {shatter}
   (You found it in the Dungeon)
 I - the +8 storm bow {elec, penet}
   (You found it in the Dungeon)
Missiles
 d - 9 poisoned darts
 e - 3 curare-tipped darts
Armour
 b - a +0 robe (worn)
 x - a +0 cloak of stealth (worn)
 F - the +15 Maxwell's patent armour {-Cast -Tele rElec Will+ rCorr}
   (You found it in the Dungeon)

   rElec:     It insulates you from electricity.
   -Cast:     It prevents spellcasting.
   -Tele:     It prevents most forms of teleportation.
   rCorr:     It protects you from acid and corrosion.
   Will:      It increases your willpower.
 G - the +18 shield of the Gong {Loud rN+ Will+ rCorr EV-5}
   (You found it in the Dungeon)

   Loud:      It is deafeningly noisy when blocking attacks.
   EV:        It affects your evasion (-5).
   rN:        It protects you from negative energy.
   rCorr:     It protects you from acid and corrosion.
   Will:      It increases your willpower.
 J - +5 gold dragon scales
Jewellery
 o - the ring "Eppa" {rC+ Will+}
   (You found it in the Dungeon)

   [ring of protection from cold]

   rC:        It protects you from cold.
   Will:      It increases your willpower.
 y - a +6 ring of dexterity (left hand)
 z - a +6 ring of dexterity (right hand)
Wands
 u - a wand of mindburst (7)
 v - a wand of iceblast (5)
 w - a wand of acid (14)
Scrolls
 k - 4 scrolls of blinking
 q - 4 scrolls of amnesia
 r - 7 scrolls of fog
 s - 5 scrolls of identify
 t - 2 scrolls of fear
Potions
 f - 10 potions of curing
 g - 9 potions of heal wounds
 h - 4 potions of haste
 i - 7 potions of magic
 j - 3 potions of berserk rage
 l - 2 potions of brilliance
 m - 2 potions of invisibility
 n - 4 potions of resistance
 p - 5 potions of might


   Skills:
 + Level 6.6 Fighting
 + Level 4.5 Short Blades
 + Level 6.4 Ranged Weapons
 + Level 4.2 Throwing
 + Level 1.8 Dodging
 + Level 12.3 Stealth
 + Level 1.0 Evocations


You had 6 spell levels left.
You didn't know any spells.
Your spell library contained the following spells:

 Spells                   Type           Power      Damage    Failure   Level
 Ignite Poison            Fire/Tmut/Pois 0%         N/A       69%         3
 Flame Wave               Conj/Fire      0%         2d4       97%         4
 Sticky Flame             Conj/Fire      0%         2d3       97%         4
 Fireball                 Conj/Fire      0%         3d3       100%        5


Dungeon Overview and Level Annotations

Branches:
Dungeon (1/1)

Altars:
Ashenzari
Cheibriados
Dithmenos
Fedhas
Gozag
Hepliaklqana
Kikubaaqudgha
Makhleb
Nemelex Xobeh
Okawaru
Qazlal
Ru
Sif Muna
Trog
Uskayaw
Vehumet
Wu Jian
Xom
Yredelemnul
Jiyva
Lugonu

Annotations:
D 1 transporter


Innate Abilities, Weirdness & Mutations

A demonic guardian rushes to your aid.
You regenerate magic rapidly.


Message History

The deep elf pyromancer shouts!
The deep elf pyromancer is almost dead.
The deep elf knight shouts!
The deep elf pyromancer mumbles some strange words.
The deep elf pyromancer blinks!
The deep elf knight mumbles some strange words.
The deep elf knight flickers and vanishes for a moment.
The deep elf pyromancer casts a spell.
Unknown command.
Fire: a) +27 heavy crossbow "Sniper" {heavy, Acc+∞ SInv}
Press: ? - help, Q - select action, (/) - cycle Shift-Dir - straight line, f - deep elf zephyrmancer, p - deep elf pyromancer
Aim: a deep elf zephyrmancer, wielding a +0 long sword (100% to hit)
Okay, then.
You feel yourself speed up. The fire elemental hits you.
The fire elemental burns you!
The deep elf pyromancer casts a spell.
The deep elf pyromancer blinks!
The deep elf zephyrmancer hits you with a +0 long sword.
The deep elf knight gestures wildly while chanting.
The deep elf knight seems to speed up.
Fire: a) +27 heavy crossbow "Sniper" {heavy, Acc+∞ SInv}
Press: ? - help, Q - select action, (/) - cycle Shift-Dir - straight line, f/p - deep elf pyromancer
Aim: a deep elf pyromancer, wielding a +0 long sword and wearing a +0 leather armour (almost dead, 100% to hit)
Okay, then.
Fire: a) +27 heavy crossbow "Sniper" {heavy, Acc+∞ SInv}
Press: ? - help, Q - select action, (/) - cycle Shift-Dir - straight line, f - deep elf zephyrmancer, p - deep elf pyromancer
Aim: a deep elf zephyrmancer, wielding a +0 long sword (100% to hit)
You shoot a bolt.
The bolt hits the deep elf zephyrmancer!!!
You kill the deep elf zephyrmancer!
The fire elemental barely misses you. The fire elemental hits you.
The fire elemental burns you!
The deep elf knight is distracted by your dazzling golden aura.
The fire elemental hits you. The fire elemental burns you!
The fire elemental hits you. The fire elemental burns you!
* * * LOW HITPOINT WARNING * * *
A demonic guardian appears!
The fire elemental hits you. The fire elemental burns you!
You die...
Your body crumbles into a pile of gold.

▓▓▓▓▓▓▓▓▓▓▓▓▓▓▓▓▓▓▓
▓.8©8.▓.8©8.▓.8©8.▓
▓.})[.▓..[..▓.....▓
▓../.e▓.....▓.)=..▓
▓.....▓.....▓.....▓
▓..e°4▓.....▓..$..▓
▓.$E..▓.....▓..©..▓
▓..@E○▓..©..▓▓▓▓▓▓▓
▓▓▓▓▓▓▓▓▓▓▓▓▓


You could see a deep elf knight (fast, invisible, unaware), a deep elf
pyromancer, 2 fire elementals and a friendly ice devil (summoned).

Vanquished Creatures
  4 starcursed masses (D)
  A deep elf zephyrmancer (D)
  3 mummies (D)
  A white imp (D)
9 creatures vanquished.

Vanquished Creatures (collateral kills)
  A starcursed mass (D)
1 creature vanquished.

Grand Total: 10 creatures vanquished

Notes
Turn   | Place    | Note
-------+----------+-------------------------------------------
     0 | D        | FlurksSlurper the Demonspawn Brigand began the quest for
                  | the Orb.
     0 | D        | Reached XP level 1. HP: 16/16 MP: 1/1
     0 | D        | Found a shimmering blue altar of Sif Muna.
     0 | D        | Found a bloodstained altar of Trog.
     0 | D        | Found a sacrificial altar of Ru.
     0 | D        | Found a stormy altar of Qazlal.
     0 | D        | Found an iron altar of Okawaru.
     1 | D        | Found a sparkling altar of Nemelex Xobeh.
     1 | D        | Found a blossoming altar of Fedhas.
     1 | D        | Found the +6 Majin-Bo {spellvamp, MP+6 Int+6}
     1 | D        | Found the +27 heavy crossbow "Sniper" {heavy, Acc+∞ SInv}
     1 | D        | Found the +10 dark maul {heavy}
     1 | D        | Found the +15 Maxwell's patent armour {-Cast -Tele rElec
                  | Will+ rCorr}
     1 | D        | Found the +18 shield of the Gong {Loud rN+ Will+ rCorr
                  | EV-5}
     1 | D        | Found the +16 obsidian axe {drain, demonic, Mesm Drain Fly
                  | SInv}
     1 | D        | Found the +7 great mace "Firestarter" {flame, immolate,
                  | rFlCloud rF++}
     1 | D        | Found the +6 shillelagh "Devastator" {shatter}
     1 | D        | Found the +11 plutonium sword {Contam Stlth-}
     1 | D        | Found the +8 lance "Wyrmbane" {slay drac, rPois rF+ rC+
                  | AC+3}
     1 | D        | Found the +9 sword of Zonguldrok {reap}
     1 | D        | Found the +13 scythe of Curses {drain, curses, Drain}
     1 | D        | Found the +9 sword of Power {lifebolt}
     1 | D        | Found the +7 mace of Variability {chaos, chaos arc}
     1 | D        | Found the +11 Singing Sword {sonic wave}
     1 | D        | Found the +8 storm bow {elec, penet}
     3 | D        | Found a transporter.
     3 | D        | Found an ancient bone altar of Kikubaaqudgha.
     3 | D        | Found a viscous altar of Jiyva.
     3 | D        | Found a corrupted altar of Lugonu.
     3 | D        | Found a hazy altar of Hepliaklqana.
     3 | D        | Found a burning altar of Makhleb.
     3 | D        | Found an opulent altar of Gozag.
    49 | D        | Became a worshipper of Gozag Ym Sagoz the Greedy
    51 | D        | Reached skill level 5 in Ranged Weapons
    51 | D        | Gained mutation: You regenerate magic rapidly. [demonic
                  | ancestry]
    51 | D        | Reached XP level 2. HP: 26/26 MP: 2/2
    72 | D        | Entered arena 2.
    72 | D        | Noticed a starcursed mass
    72 | D        | Found a transporter.
    78 | D        | Killed a starcursed mass
    79 | D        | Reached skill level 1 in Dodging
    79 | D        | Reached skill level 11 in Stealth
    79 | D        | Gained mutation: A weak demonic guardian rushes to your
                  | aid. [demonic ancestry]
    79 | D        | Reached XP level 3. HP: 3/34 MP: 3/3
    79 | D        | Gained mutation: A demonic guardian rushes to your aid.
                  | [demonic ancestry]
    79 | D        | Reached XP level 4. HP: 3/40 MP: 4/4
    79 | D        | Reached XP level 5. HP: 4/46 MP: 5/5
    79 | D        | Reached XP level 6. HP: 4/52 MP: 6/6
    80 | D        | Killed a starcursed mass
    81 | D        | Reached skill level 1 in Evocations
    81 | D        | Reached XP level 7. HP: 40/59 MP: 7/7
    81 | D        | Killed a starcursed mass
    82 | D        | Killed a starcursed mass
    82 | D        | Killed a starcursed mass
    83 | D        | Reached skill level 12 in Stealth
   203 | D        | Entered arena 3.
   203 | D        | Found a transporter.
   214 | D        | Got Sif Muna's Guidebook on Accelerants
   217 | D        | Got the ring "Eppa" {rC+ Will+}
   232 | D        | Entered arena 4.
   232 | D        | Noticed a deep elf knight
   232 | D        | Noticed a fire elemental
   232 | D        | Noticed a deep elf pyromancer
   232 | D        | Noticed a deep elf zephyrmancer
   232 | D        | Found a transporter.
   234 | D        | Noticed a fire elemental
   235 | D        | Killed a deep elf zephyrmancer
   235 | D        | Slain by a fire elemental

Illustrated notes

Levels and vault maps discovered:
D:        sprint_v [room_start, room_1, room_2, room_3, room_4, room_5, room_6,
          room_7, room_8, room_9, room_10, room_11, room_12, room_13, room_14,
          room_15, room_16, room_17, room_18, room_19, room_20, room_21,
          room_22, room_23, room_24, room_25, room_26, room_27]

Skill      XL: |  1  2  3  4  5  6  7 |
---------------+----------------------+-----
Fighting       | 4 6 |  6.6
Ranged Weapons | 5 6 |  6.4
Short Blades   | 3 4 |  4.5
Throwing       | 3 4 |  4.2
Dodging        | 1 |  1.8
Stealth        | 11 12 | 12.3
Evocations     | 1 |  1.0

Action                     |  1- 3 |  4- 6 |  7- 9 || total
---------------------------+-------+-------+-------++-------
   Fire: Heavy crossbow    |     4 |     1 |     7 ||    12
  Evoke: Wand              |     2 |       |       ||     2
    Use: Potion            |     2 |     1 |     1 ||     4
 Armour: Robe              |       |       |     4 ||     4
  Dodge: Dodged            |       |       |     1 ||     1

Table legend: (Time is in decaauts)
 A = Elapsed time spent in this place.
 B = Non-inter-level travel time spent in this place.
 C = Inter-level travel time spent in this place.
 D = Time resting spent in this place.
 E = Time spent auto-exploring this place.
 F = Levels seen in this place.
 G = Mean time per level.
                   A        B        C        D        E       F      G
               +--------+--------+--------+--------+--------+-----+--------+
         Total |    238 |    238 |      0 |     97 |      5 |   1 |  238.0 |
       Dungeon |    238 |    238 |      0 |     97 |      5 |   1 |  238.0 |
               +--------+--------+--------+--------+--------+-----+--------+

Top non-repeatable levels by time:
       D: 238 daAuts
